AoeStats
← Haathum

Arena

506712612Analyzed
1v1 RM · 17d ago on Sep 14, 2026· 39m 0s· 2 players
Game mode
Random Map
Map size
Tiny (2 player)
Population
200
Speed
Normal
Resources
Standard
Victory
Conquest
Starting age
Dark Age
Ending age
Imperial Age
RankedLock teamsTeams togetherTeam positionsShared explorationLock speedFull tech treeHidden civsTurbo modeCheats
Victory
Defeat
🇨🇭 Burgundians · Switzerland
1299
+19
🇫🇷 Lithuanians · France
1355
-19
nmarc
10:06 Feudal Age
14:01 Castle Age
12:10 Double-Bit Axe
12:36 Horse Collar
15:46 Light Cavalry
19:51 Loom
22:45 Wheelbarrow
24:56 Heavy Plow
24:53 Gold Mining
29:28 Imperial Age
27:10 Scale Mail Armor
27:25 Bow Saw
28:13 Ballistics
27:28 Pikeman
28:21 Forging
30:01 Hand Cart
30:07 Chain Mail Armor
30:28 Iron Casting
30:00 Halberdier
31:41 Conscription
31:56 Fletching
32:06 Padded Archer Armor
33:01 Thumb Ring
33:09 Tower Shields
33:58 Bodkin Arrow
34:42 Elite Skirmisher
36:27 Chemistry
35:44 Leather Archer Armor
36:42 Hill Forts
37:14 Ring Archer Armor
36:45 Bracer
37:31 Bloodlines
36:42 Winged Hussar
38:02 Husbandry
Haathum
4:54 Double-Bit Axe
6:09 Horse Collar
11:56 Feudal Age
15:55 Castle Age
14:22 Bow Saw
15:01 Heavy Plow
16:08 Light Cavalry
23:08 Wheelbarrow
24:21 Gold Mining
24:22 Stone Mining
26:28 Husbandry
29:06 Imperial Age
27:21 Hand Cart
26:52 Loom
26:52 Town Watch
26:40 Cavalier
27:50 Town Patrol
27:55 Treadmill Crane
29:30 Scale Barding Armor
29:35 Forging
31:12 Chemistry
30:46 Paladin
34:21 Gold Shaft Mining
34:26 Chain Barding Armor
34:42 Iron Casting
36:11 Fletching
36:21 Padded Archer Armor
39:38 Plate Barding Armor
40:03 Blast Furnace
Connection lost

Rejoining the realm…

Still unreachable

The connection could not be restored.

Session expired

The server has moved on; the page needs a fresh start.